 Dungeon Crawl Stone Soup version 0.24.1-14-gf8d2b509d9 (webtiles) character file.

Game seed: 5219269447767605084, levelgen mode: deterministic

1306 Elvor the Chopper (level 8, -3/64 HPs)
             Began as a Deep Dwarf Fighter on June 3, 2020.
             Was a Follower of Hepliaklqana.
             Killed by nerve-wracking pain
             ... invoked by a shadow imp
              (7 damage)
             ... on level 6 of the Dungeon.
             The game lasted 01:18:42 (4249 turns).

Elvor the Chopper (Deep Dwarf Fighter)              Turns: 4249, Time: 01:18:43

Health: -3/64      AC:  9    Str: 21    XL:     8   Next: 32%
Magic:  11/11      EV:  4    Int: 10    God:    Hepliaklqana [*.....]
Gold:   120        SH:  9    Dex: 12    Spells: 13/13 levels left

rFire    + . .     SeeInvis .   I - +0 war axe
rCold    x . .     Gourm    .   c - +0 shield
rNeg     . . .     Faith    .   B - +0 plate armour
rPois    .         Spirit   .   (no helmet)
rElec    .         Reflect  .   m - +0 cloak
rCorr    .         Harm     .   (no gloves)
MR       +....                  (no boots)
Stlth    ..........             (no amulet)
HPRegen  0.00/turn              H - ring of fire
MPRegen  0.12/turn              J - ring of wizardry

@: corroded, non-regenerating, heavily drained
A: damage resistance, heal wounds, reduced essence, sense surroundings 1, no
regeneration
a: Heal Wounds, Recall Ancestor, Ancestor Identity, Renounce Religion


You were on level 6 of the Dungeon.
You worshipped Hepliaklqana.
Hepliaklqana was aware of your devotion.
You were not hungry.

You visited 1 branch of the dungeon, and saw 6 of its levels.

You collected 288 gold pieces.
You spent 168 gold pieces at shops.

Inventory:

Hand Weapons
 d - a +0 scythe
 u - a +0 hunting sling
 C - a +1 broad axe of freezing
 F - a +3 short sword of draining
 I - a +0 war axe (weapon)
Missiles
 o - 25 sling bullets
 y - 5 javelins (quivered)
Armour
 b - a +0 scale mail
 c - a +0 shield (worn)
 e - a +0 ring mail
 m - a +0 cloak (worn)
 w - a +0 cloak
 B - a +0 plate armour (worn)
Jewellery
 H - a ring of fire (left hand)
 J - a ring of wizardry (right hand)
Wands
 D - a wand of paralysis (4)
Scrolls
 h - 3 scrolls of amnesia
 i - 7 scrolls of remove curse
 k - a scroll of blinking {unknown}
 l - 2 scrolls of fear
 s - 2 scrolls of teleportation
 v - a scroll of immolation {unknown}
 x - a scroll of enchant weapon {unknown}
Potions
 g - a potion of haste
 n - a potion of heal wounds
 r - a potion of agility
 z - a potion of curing
 A - a potion of flight
 E - a potion of lignification {unknown}
Comestibles
 f - 6 rations


   Skills:
 + Level 3.7(2.4) Fighting
 + Level 6.8(5.4) Axes
 - Level 0.6(0.0) Slings
 + Level 1.3(0.2) Throwing
 + Level 5.6(4.2) Armour
 + Level 1.8(0.5) Dodging
 + Level 1.1(0.0) Stealth
 + Level 5.0(3.6) Shields
 * Level 3.3(2.0) Spellcasting


You had 13 spell levels left.
You didn't know any spells.
Your spell library contained the following spells:

 Spells                   Type           Power        Failure   Level  Hunger
 Animate Skeleton         Necr           N/A          100%        1    ##.....
 Apportation              Tloc           #.....       100%        1    ##.....
 Confusing Touch          Hex            #.....       100%        1    ##.....
 Magic Dart               Conj           #...         100%        1    ##.....
 Summon Small Mammal      Summ           #...         100%        1    ##.....
 Searing Ray              Conj           #.....       100%        2    ###....
 Dazzling Spray           Conj/Hex       #.....       100%        3    ####...
 Force Lance              Conj/Tloc      #.......     100%        4    #####..
 Fulminant Prism          Conj/Hex       #.........   100%        4    #####..
 Iskenderun's Mystic Bla  Conj           #.......     100%        4    #####..


Dungeon Overview and Level Annotations

Branches:
Dungeon (6/15)             Temple (0/1) D:6

Altars:
Ashenzari
Cheibriados
Hepliaklqana
Qazlal
Trog
Vehumet
Wu Jian
Yredelemnul
Zin

Shops:
D:5 (

Annotations:
D:6 exclusion: oklob plant


Innate Abilities, Weirdness & Mutations

You are resistant to damage.
You can heal yourself by infusing magical energy.
You passively map a small area around you.
You do not regenerate.
Your life essence is reduced to manifest your ancestor. (-10% HP)


Message History

Elvor's Shadow hits the oklob plant but does no damage.
You block the shadow imp's attack.
You slash the oklob plant!
The oklob plant is severely damaged.
Your plate armour prevents you from hitting the shadow imp.
The shadow imp laughs crazily.
You block the shadow imp's attack.
Elvor's Shadow hits the oklob plant but does no damage. x2
The shadow imp hits you.
You slash the oklob plant!
The oklob plant is almost destroyed.
Your shield and plate armour prevent you from hitting the shadow imp.
The oklob plant spits acid at you. The splash of acid hits you!
* * * LOW HITPOINT WARNING * * *
You are splashed with acid!
* * * LOW HITPOINT WARNING * * *
The shadow imp gestures at you. Pain shoots through your body!
You die...

*..##.### * ......#
#.#..## ,#.....#####
, * #......#### ,,
#...R..<..####### *#,
#.#####.#..##....
#.##5## #.##.>#.###
#..@R.# #R#.......(
*####P[####..........
*,..P_P..............
* ...P..##.##........
* ....(.[..##........
..........)........
......#####........
*, ,.....>. #........
.)... , ######.#.


You could see the friendly Elvor's Shadow the ancestor, an oklob plant and a
shadow imp.

Vanquished Creatures
  Sigmund (D:3)
  Menkaure (D:6)
  An ogre (D:3)
  A bullfrog (D:6)
  2 scorpions
  A crimson imp (D:5)
  3 orc priests
  Crazy Yiuf (D:6)
  3 orc wizards
  A bullfrog skeleton (D:3)
  2 worker ants
  A worker ant zombie (D:5)
  7 adders
  2 oozes
  2 worms
  A dart slug (D:3)
  4 leopard geckos
  9 orcs
  5 bats
  A giant cockroach (D:4)
  4 goblins
  3 hobgoblins
  9 kobolds
  3 frilled lizards
  A jackal zombie (D:5)
  6 rats
  A fungus (D:6)
76 creatures vanquished.

Vanquished Creatures (collateral kills)
  Eustachio (D:6)
  A centaur (D:6)
  Blork the orc (D:6)
  A howler monkey (D:4)
  A worker ant zombie (D:5)
  3 orcs (D:4)
  A giant cockroach (D:4)
  A frilled lizard (D:4)
  2 fungi (D:6)
12 creatures vanquished.

Grand Total: 88 creatures vanquished

Notes
Turn   | Place    | Note
-------+----------+-------------------------------------------
     0 | D:1      | Elvor the Deep Dwarf Fighter began the quest for the Orb.
     0 | D:1      | Reached XP level 1. HP: 20/20 MP: 1/1
   144 | D:1      | Reached XP level 2. HP: 20/27 MP: 2/2
   898 | D:2      | Learned a level 1 spell: Summon Small Mammal
  1041 | D:2      | Reached XP level 3. HP: 33/34 MP: 3/3
  1250 | D:3      | Noticed an ogre
  1330 | D:3      | Noticed Sigmund
  1443 | D:3      | Reached skill level 1 in Spellcasting
  1443 | D:3      | Reached XP level 4. HP: 38/42 MP: 5/5
  1489 | D:3      | Reached skill level 3 in Axes
  1716 | D:3      | Reached XP level 5. HP: 28/49 MP: 6/6
  1975 | D:3      | Killed Sigmund
  1975 | D:3      | Reached skill level 1 in Throwing
  1975 | D:3      | Reached XP level 6. HP: 38/56 MP: 7/9
  2045 | D:3      | Reached skill level 4 in Axes
  2297 | D:4      | Found an ornate altar of the Wu Jian Council.
  2430 | D:4      | Found a hazy altar of Hepliaklqana.
  2431 | D:4      | Found a glowing silver altar of Zin.
  2431 | D:4      | Found a snail-covered altar of Cheibriados.
  2432 | D:4      | Found a bloodstained altar of Trog.
  2432 | D:4      | Found a stormy altar of Qazlal.
  2432 | D:4      | Found a radiant altar of Vehumet.
  2475 | D:4      | Became a worshipper of Hepliaklqana the Forgotten
  2653 | D:4      | Reached skill level 1 in Dodging
  2686 | D:4      | Reached XP level 7. HP: 44/55 MP: 9/9
  2920 | D:4      | Found a basalt altar of Yredelemnul.
  2971 | D:4      | Reached skill level 5 in Axes
  3196 | D:5      | Entered Level 5 of the Dungeon
  3361 | D:5      | Found Ekkirir's Antique Weapon Shoppe.
  3374 | D:5      | Reached skill level 5 in Armour
  3750 | D:5      | Bought a runed broad axe for 168 gold pieces
  3796 | D:6      | Found a shattered altar of Ashenzari.
  3816 | D:6      | Reached * piety under Hepliaklqana
  3841 | D:6      | Noticed Eustachio
  3842 | D:6      | Noticed Blork the orc
  3870 | D:6      | Killed Blork the orc
  3878 | D:6      | Killed Eustachio
  3878 | D:6      | Reached skill level 6 in Axes
  3878 | D:6      | Reached XP level 8. HP: 49/64 MP: 11/11
  3958 | D:6      | Noticed Menkaure
  3966 | D:6      | Killed Menkaure
  3966 | D:6      | Reached skill level 1 in Stealth
  3966 | D:6      | Reached skill level 5 in Shields
  4005 | D:6      | Found a staircase to the Ecumenical Temple.
  4116 | D:6      | Found a runed translucent door.
  4117 | D:6      | Noticed Crazy Yiuf
  4123 | D:6      | Killed Crazy Yiuf
  4222 | D:6      | Found a bloodstained altar of Trog.
  4225 | D:6      | Noticed an oklob plant
  4249 | D:6      | Killed from afar by a shadow imp

Levels and vault maps discovered:
D:1:      evilmike_arrival_plus, layout_loops_cross, serial_glass,
          glass_columns_b, glass_columns_a, glass_columns_c, glass_columns_a,
          glass_columns_b, glass_columns_c, item_on_display_a,
          minmay_strange_pillars
D:2:      layout_basic, first_ration
D:3:      layout_loops_cross, uniq_sigmund
D:4:      layout_loops_corners, old_standard_altar, grunt_temple_overflow_open,
          overflow_temple_1_default, bh_walls_and_bars
D:5:      layout_basic, serial_shops, shop
D:6:      layout_rooms, ashenzari_altar_1, minmay_temple_entry_offerings,
          lemuel_oklob_altar, uniq_crazy_yiuf_cottage, uniq_blork_the_orc,
          uniq_eustachio, uniq_menkaure

Skill      XL: |  1  2  3  4  5  6  7  8 |
---------------+-------------------------+-----
Fighting       | 3 |  3.7
Spellcasting   | 1 2 3 |  3.3
Axes           | 3 4 6 |  6.8
Armour         | 4 5 |  5.6
Throwing       | 1 |  1.3
Shields        | 4 5 |  5.0
Dodging        | 1 |  1.8
Stealth        | 1 |  1.1
Slings         | |  0.6

Action                   |  1- 3 |  4- 6 |  7- 9 || total
-------------------------+-------+-------+-------++-------
Melee: War axe           |   106 |   125 |    73 ||   304
       Broad axe         |       |       |    46 ||    46
 Fire: Hunting sling     |     4 |       |       ||     4
Throw: Stone             |     1 |     2 |       ||     3
       Javelin           |       |    14 |     1 ||    15
Invok: Ancestor Identity |       |     1 |       ||     1
 Abil: Heal Wounds       |     1 |     3 |     5 ||     9
  Use: Scroll            |     1 |       |     8 ||     9
       Potion            |       |     1 |       ||     1
 Stab: Distracted        |       |       |     1 ||     1
  Eat: Chunk             |     1 |     5 |     3 ||     9
       Ration            |       |       |     1 ||     1
Armor: Scale mail        |    44 |       |       ||    44
       Plate armour      |    17 |    83 |    50 ||   150
       Ring mail         |       |       |     4 ||     4
Dodge: Dodged            |    32 |    17 |    18 ||    67
Block: Shield            |    61 |    73 |    51 ||   185
